[Event "The Elitserien 2024/25: round 1 - 3"]
[Site "Scandic Infra City, Kanalvagen 10, Upplands Vasby, Sweden"]
[Date "2024.10.06"]
[Round "3.19"]
[White "Storme, Isak"]
[Black "Olund, Joar"]
[Result "1-0"]
[TimeControl "90 minutes for 40 moves + 30 minutes for the rest of the game + 30 seconds per move from move one."]
[WhiteTitle "IM"]
[BlackTitle "FM"]
[WhiteFideId "1728113"]
[BlackFideId "1714848"]
[WhiteElo "2447"]
[BlackElo "2368"]

1. d4 d5 2. c4 dxc4 3. Nf3 Nf6 4. e3 e6 5. Bxc4 c5 6. Nc3 a6 7. e4 b5 8. Bb3 cxd4 9. Nxd4 Bb7 10.
e5 Nd5 11. Nxd5 Bxd5 12. O-O Nc6 13. Bxd5 Qxd5 14. Nxc6 Qxc6 15. Bg5 h6 16. Rc1 Qb7 17. Be3 Be7 18. Qg4 g6 19. Rfd1 h5 20. Qf3 Qxf3 21. gxf3 Rd8 22. Rxd8+ Bxd8 23.
Rc8 Kd7 24. Ra8 Re8 25. Rxa6 Bc7 26. f4 Rb8 27. Kf1 g5 28. fxg5 Bxe5 29. Ra7+ Ke8 30. Bc5 Rc8 31. b4 Rc7 32.
Ra5 Rb7 33. Kg2 Bc7 34. Ra8+ Bd8 35. Kg3 Kd7 36. Kh4 Bb6 37. Bxb6 Rxb6 38. Kxh5 Rd6 39. h4 Rd2 40. Ra7+ Ke8 41.
Kh6 Rxf2 42. h5 e5 43. g6 fxg6 44. hxg6 Kf8 1-0

[Event "The Elitserien 2024/25: round 1 - 3"]
[Site "Scandic Infra City, Kanalvagen 10, Upplands Vasby, Sweden"]
[Date "2024.10.06"]
[Round "3.21"]
[White "Sjodahl, Pontus"]
[Black "Thorn, Eric"]
[Result "1/2-1/2"]
[TimeControl "90 minutes for 40 moves + 30 minutes for the rest of the game + 30 seconds per move from move one."]
[WhiteTitle "IM"]
[BlackTitle "FM"]
[WhiteFideId "1700537"]
[BlackFideId "1710729"]
[WhiteElo "2428"]
[BlackElo "2351"]

1. d4 Nf6 2. c4 e6 3. Nc3 d5 4. cxd5 exd5 5. Bg5 c6 6. Qc2 Be7 7. e3 O-O 8. Bd3 Nbd7 9. Nge2 Re8 10.
O-O Nf8 11. f3 g6 12. Rad1 Ne6 13. Bh4 b5 14. Kh1 Bb7 15. Bf2 b4 16. Na4 Qa5 17. Rd2 Rac8 18. Qd1 c5 19. dxc5 Nxc5 20.
Bc2 Ncd7 21. Nd4 Ne5 22. b3 Bf8 23. Re1 Bh6 24. Bd3 Nxd3 25. Rxd3 Rc7 26. Bh4 Nd7 27. Bg3 Rcc8 28. Bf2 Bg7 29.
Rd2 Nf8 30. Rc2 Ne6 31. Rxc8 Rxc8 32. Qd2 Nc5 33. Nxc5 Qxc5 34. h3 a5 35. Rd1 Be5 36. Qd3 Bb8 37. Bg1 Qb6 38. Qd2 Qc5 39.
Bh2 Bxh2 40. Kxh2 Ba6 41. Kg1 h5 42. Kf2 Rc7 43. Kg1 Rc8 44. Kf2 Rc7 45. Kg1 1/2-1/2

[Event "The Elitserien 2024/25: round 1 - 3"]
[Site "Scandic Infra City, Kanalvagen 10, Upplands Vasby, Sweden"]
[Date "2024.10.06"]
[Round "3.22"]
[White "Westerberg, Jonathan"]
[Black "Mauritsson, Sebastian"]
[Result "1-0"]
[TimeControl "90 minutes for 40 moves + 30 minutes for the rest of the game + 30 seconds per move from move one."]
[WhiteTitle "GM"]
[BlackTitle "FM"]
[WhiteFideId "1701754"]
[BlackFideId "1707892"]
[WhiteElo "2469"]
[BlackElo "2398"]

1. e4 c5 2. Nf3 d6 3. Bb5+ Nd7 4. d4 Ngf6 5. Nc3 a6 6. Bxd7+ Nxd7 7. O-O e6 8. Bg5 Qc7 9. a4 f6 10. Be3 Be7 11. d5 Ne5 12. Nd2 g5 13.
Qh5+ Ng6 14. Nc4 b6 15. f4 gxf4 16. Bxf4 e5 17. Bh6 Rg8 18. a5 b5 19. Nb6 Ra7 20. Ne2 Bd8 21. Ng3 Qb8 22.
Nxc8 Qxc8 23. Nf5 Be7 24. Bg7 Qd7 25. Qxh7 1-0

[Event "The Elitserien 2024/25: round 1 - 3"]
[Site "Scandic Infra City, Kanalvagen 10, Upplands Vasby, Sweden"]
[Date "2024.10.06"]
[Round "3.23"]
[White "Pantzar, Milton"]
[Black "Lissang, Christopher"]
[Result "1-0"]
[TimeControl "90 minutes for 40 moves + 30 minutes for the rest of the game + 30 seconds per move from move one."]
[WhiteTitle "IM"]
[BlackTitle "FM"]
[WhiteFideId "1721003"]
[BlackFideId "1709615"]
[WhiteElo "2437"]
[BlackElo "2332"]

1. d4 Nf6 2. c4 e6 3. Nc3 Bb4 4. e3 O-O 5. Bd3 d5 6. cxd5 exd5 7. Nge2 Re8 8. O-O Bd6 9. Qc2 Bxh2+ 10. Kxh2 Ng4+ 11. Kg3 Qd6+ 12. f4 Qh6 13. Bd2 Qh2+ 14. Kf3 Qh4 15. g3 Qh5 16. Rh1 Rxe3+ 17. Kg2 Nh2 18. Rxh2 Qf3+ 19.
Kg1 Rxd3 20. Rf1 1-0

[Event "The Elitserien 2024/25: round 1 - 3"]
[Site "Scandic Infra City, Kanalvagen 10, Upplands Vasby, Sweden"]
[Date "2024.10.06"]
[Round "3.24"]
[White "Tuomainen, Felix"]
[Black "Smith, Axel"]
[Result "1/2-1/2"]
[TimeControl "90 minutes for 40 moves + 30 minutes for the rest of the game + 30 seconds per move from move one."]
[WhiteTitle "FM"]
[BlackTitle "GM"]
[WhiteFideId "1720813"]
[BlackFideId "1707930"]
[WhiteElo "2247"]
[BlackElo "2430"]

1. d4 e6 2. c4 Bb4+ 3. Bd2 a5 4. a3 Be7 5. d5 c6 6.
Bc3 Bf6 7. d6 c5 8. e4 Nc6 9. Nf3 Bxc3+ 10. Nxc3 Nh6 11. Bd3 f6 12. Qc2 e5 13. O-O-O O-O 14. Nb5 b6 15. Qd2 Nf7 16.
g4 Ba6 17. Kb1 Bxb5 18. cxb5 Nd4 19. Nxd4 cxd4 20. Bc4 Kh8 21. Bxf7 Rxf7 22. Qc2 Qe8 23. Qc7 Rb8 24. Rc1 Rf8 25. Qc4 Qg6 26. f3 f5 27.
gxf5 Qxd6 28. h4 g6 29. fxg6 Qxg6 30. Rhg1 Qf7 31. Qc7 Qxf3 32.
Qxe5+ Qf6 33. Qd5 Rbe8 34. Qxd7 Re7 35.
Qd5 Qe5 36. Rg4 h5 37. Rg5 Qxe4+ 38. Qxe4 Rxe4 39. Rxh5+ Kg7 40. Rg1+ Kf6 41. Rf1+ Ke7 42. Rh7+ Ke8 43. Rxf8+ Kxf8 44.
h5 d3 45. Rd7 Re1+ 46. Ka2 Rh1 47. Rxd3 Rxh5 48. a4 Ke7 49. Rc3 Rh6 50. Rc7+ Kd8 51. Rg7 Rh4 52. Kb3 Kc8 53. Rg6 Kb7 54.
Rc6 Rb4+ 55. Ka3 Rh4 56. b3 Rh2 57. Rc3 Kb8 58. b4 axb4+ 59. Kxb4 Kb7 60. Rc4 Rh1 61. Re4 Rc1 62. Re7+ Kb8 63.
Re8+ 1/2-1/2

[Event "The Elitserien 2024/25: round 1 - 3"]
[Site "Scandic Infra City, Kanalvagen 10, Upplands Vasby, Sweden"]
[Date "2024.10.06"]
[Round "3.25"]
[White "Lukez, Giamfranko"]
[Black "Neiksans, Arturs"]
[Result "0-1"]
[TimeControl "90 minutes for 40 moves + 30 minutes for the rest of the game + 30 seconds per move from move one."]
[WhiteTitle "FM"]
[BlackTitle "GM"]
[WhiteFideId "1700626"]
[BlackFideId "11601388"]
[WhiteElo "2281"]
[BlackElo "2571"]

1. g3 e5 2. Bg2 d5 3. d3 Nc6 4. Nf3 Nf6 5. O-O Bd6 6. c4 d4 7. e3 O-O 8. exd4 exd4 9. Bg5 h6 10.
Bxf6 Qxf6 11. Nbd2 Qd8 12. a3 a5 13. Ne1 Re8 14. Nc2 Ne5 15. Nxd4 Nxd3 16. N2f3 Ne5 17. Qc2 c6 18. Rad1 Nxf3+ 19. Nxf3 Qf6 20. c5 Bf8 21. Nd4 a4 22. Qc3 Bg4 23. f3 Bh5 24. b4 axb3 25. Qb4 b2 26. Kh1 Bg6 27. Qxb2 Bxc5 28.
Qc3 Bxa3 0-1

[Event "The Elitserien 2024/25: round 1 - 3"]
[Site "Scandic Infra City, Kanalvagen 10, Upplands Vasby, Sweden"]
[Date "2024.10.06"]
[Round "3.26"]
[White "Blomqvist, Erik"]
[Black "Danchevski, Orce"]
[Result "1-0"]
[TimeControl "90 minutes for 40 moves + 30 minutes for the rest of the game + 30 seconds per move from move one."]
[WhiteTitle "GM"]
[BlackTitle "IM"]
[WhiteFideId "1709437"]
[BlackFideId "15000311"]
[WhiteElo "2491"]
[BlackElo "2339"]

1. e4 c5 2. Nf3 d6 3. d4 Nf6 4. Nc3 cxd4 5. Nxd4 Nc6 6. Bg5 e6 7. Qd3 a6 8. Nxc6 bxc6 9. O-O-O Qa5 10.
Qg3 Nh5 11. Qh4 h6 12. Bd2 Be7 13. Qg4 g6 14. Bc4 Qc7 15. Rhe1 e5 16. Qf3 Be6 17. Bxe6 fxe6 18. Qh3 Kf7 19.
g3 Bf6 20. f4 Qe7 21. Rf1 Kg7 22. Qg4 Raf8 23. Rf3 Rhg8 24. Rd3 d5 25. fxe5 Bxe5 26. exd5 exd5 27. Re1 Qc7 28. Nxd5 Bxb2+ 29. Kxb2 cxd5 30. Re6 Kh7 31. Rb3 Rf6 32. Bc3 Rxe6 33. Qxe6 Rd8 34. Rb6 d4 35. Qxg6+ Kh8 36. Qxh6+ Kg8 37.
Qe6+ 1-0

[Event "The Elitserien 2024/25: round 1 - 3"]
[Site "Scandic Infra City, Kanalvagen 10, Upplands Vasby, Sweden"]
[Date "2024.10.06"]
[Round "3.27"]
[White "Gdanski, Jacek"]
[Black "Hammer, Jon Ludvig"]
[Result "0-1"]
[TimeControl "90 minutes for 40 moves + 30 minutes for the rest of the game + 30 seconds per move from move one."]
[WhiteTitle "GM"]
[BlackTitle "GM"]
[WhiteFideId "1100106"]
[BlackFideId "1503707"]
[WhiteElo "2482"]
[BlackElo "2595"]

1. Nf3 d5 2. c4 e6 3. g3 d4 4. Bg2 Nc6 5. O-O Bc5 6. d3 Nge7 7. Na3 O-O 8. Nc2 a5 9. b3 Nb4 10.
Nfe1 e5 11. a3 Nxc2 12. Nxc2 c6 13. Bd2 Bg4 14. h3 Bh5 15. b4 Bb6 16. bxa5 Bxa5 17. Rb1 Ra7 18. Qe1 Bb6 19. g4 Bg6 20.
f4 exf4 21. Bxf4 Bc5 22. Qg3 Qd7 23. Rb3 Qe6 24. Be5 Rd8 25. Qf4 Bxd3 26. Bxd4 Bxc2 27. Bxc5 Bxb3 28. Bxa7 Bxc4 29. Rf2 h6 30.
Bf3 Ng6 31. Qc7 Rd7 32. Qg3 Qe7 33. a4 b5 34. Bb8 bxa4 35. Bxc6 Rd1+ 36. Kh2 a3 37. Qc3 Qc5 0-1

[Event "The Elitserien 2024/25: round 1 - 3"]
[Site "Scandic Infra City, Kanalvagen 10, Upplands Vasby, Sweden"]
[Date "2024.10.06"]
[Round "3.28"]
[White "Seo, Jung Min"]
[Black "Malesevic, Nedeljko"]
[Result "1-0"]
[TimeControl "90 minutes for 40 moves + 30 minutes for the rest of the game + 30 seconds per move from move one."]
[WhiteTitle "IM"]
[BlackTitle "FM"]
[WhiteFideId "1734687"]
[BlackFideId "1703447"]
[WhiteElo "2505"]
[BlackElo "2230"]

1. c4 c6 2. Nf3 d5 3. e3 Nf6 4. Nc3 e6 5. d4 Nbd7 6. Qc2 Be7 7. b3 O-O 8. Bd3 Re8 9. O-O dxc4 10.
bxc4 Qc7 11. Bb2 Bd6 12. h3 b6 13. Ng5 h6 14. Nge4 Be7 15. Nxf6+ Nxf6 16. e4 Rd8 17. e5 Ne8 18.
Rad1 Bb7 19. f4 Bf8 20. f5 exf5 21. Bxf5 Qe7 22. Ne4 Bc8 23. d5 cxd5 24. cxd5 Bxf5 25. Rxf5 g6 26. Rf3 Bg7 27.
Rdf1 Rac8 28. Qb3 Qh4 29. Rf4 Qh5 30. d6 Bxe5 31. Qxf7+ Kh8 32. Bxe5+ Qxe5 33. Qxg6 Ng7 34. Qxh6+ 1-0

[Event "The Elitserien 2024/25: round 1 - 3"]
[Site "Scandic Infra City, Kanalvagen 10, Upplands Vasby, Sweden"]
[Date "2024.10.06"]
[Round "3.29"]
[White "Vernersson, Per"]
[Black "Sorensen, Hampus"]
[Result "1/2-1/2"]
[TimeControl "90 minutes for 40 moves + 30 minutes for the rest of the game + 30 seconds per move from move one."]
[BlackTitle "IM"]
[WhiteFideId "1700863"]
[BlackFideId "8703884"]
[WhiteElo "2256"]
[BlackElo "2420"]

1. Nf3 Nf6 2. c4 e6 3. d4 d5 4. Nc3 c6 5. e3 a6 6. a3 Nbd7 7. Qc2 Bd6 8. e4 dxe4 9. Nxe4 Be7 10.
Be2 c5 11. Nxc5 Nxc5 12. dxc5 Bxc5 13. b4 Be7 14. Bb2 Bd7 15. O-O Qc7 16. Be5 Bd6 17. Bxd6 Qxd6 18. Rad1 Qc7 19. Qb3 O-O 20.
Rfe1 Rfd8 21. h3 h6 22. Rd2 Bc6 23. Red1 Ne4 24. Rxd8+ Rxd8 25. Rxd8+ Qxd8 26. Qe3 Nf6 27. Qd4 1/2-1/2

[Event "The Elitserien 2024/25: round 1 - 3"]
[Site "Scandic Infra City, Kanalvagen 10, Upplands Vasby, Sweden"]
[Date "2024.10.06"]
[Round "3.30"]
[White "Trost, Edvin"]
[Black "Thornert, Hakan"]
[Result "1/2-1/2"]
[TimeControl "90 minutes for 40 moves + 30 minutes for the rest of the game + 30 seconds per move from move one."]
[WhiteTitle "IM"]
[WhiteFideId "1729519"]
[BlackFideId "1703749"]
[WhiteElo "2433"]
[BlackElo "2163"]

1. d4 Nf6 2. c4 g6 3. Nc3 d5 4. Bg5 Ne4 5. Bf4 Nxc3 6. bxc3 dxc4 7. e3 Be6 8. Be5 f6 9. Bg3 c6 10.
Nf3 Nd7 11. Be2 b5 12. h4 Qa5 13. O-O Nb6 14. Qc2 Na4 15. Rac1 Bh6 16. h5 Bf5 17. Qd2 g5 18. d5 Qd8 19.
d6 e5 20. e4 Bxe4 21. Nh2 O-O 22. Ng4 Bg7 23. h6 Bh8 24. Rfe1 Bd5 25. Ne3 Qxd6 26. Nf5 Qc7 27. Bh5 Rae8 28. Bxe8 Rxe8 29. Red1 Nc5 30.
Ra1 a5 31. Qe3 Nd3 32. a4 b4 33.
cxb4 axb4 34. a5 Qd7 35.
Ng7 Bxg7 36. hxg7 c5 37. a6 Qc6 38. f3 Ra8 39. a7 b3 40. Be1 Qb6 41. Bc3 Rxa7 42. Rxa7 Qxa7 43. Ra1 Qb6 44.
Qd2 Kxg7 45. Kh2 h5 46. Kg1 h4 47. Kh2 Qb7 48. Qe3 Kg6 49. Rf1 Qa8 50. Ra1 Qc6 51. Qd2 Be6 52. Qd1 Bf5 53.
Ra3 Qb7 54. Qa1 b2 55. Qb1 h3 56. g4 Bxg4 57. Bxb2 Qxf3 58. Qg1 Qe2+ 59. Kg3 Qxb2 60. Ra6 Qe2 61. Rd6 Nf4 62. Qb1+ e4 63. Rxf6+ Kxf6 64. Qb6+ Be6 65. Qd8+ Ke5 66. Qd4+ Kf5 67. Qf6+ Kxf6 1/2-1/2

[Event "The Elitserien 2024/25: round 1 - 3"]
[Site "Scandic Infra City, Kanalvagen 10, Upplands Vasby, Sweden"]
[Date "2024.10.06"]
[Round "3.31"]
[White "Krantz, Christopher"]
[Black "Barkhagen, Jonas"]
[Result "1/2-1/2"]
[TimeControl "90 minutes for 40 moves + 30 minutes for the rest of the game + 30 seconds per move from move one."]
[BlackTitle "IM"]
[WhiteFideId "1707876"]
[BlackFideId "1700855"]
[WhiteElo "2225"]
[BlackElo "2413"]

1. d4 d5 2. Nf3 Nf6 3. Bf4 c6 4. e3 Bf5 5. c4 Nbd7 6. Nc3 e6 7. Qb3 Qb6 8. c5 Qxb3 9. axb3 a6 10.
b4 Rc8 11. Nd2 Nh5 12. Be5 Nhf6 13. Bf4 Nh5 14. Be5 Nhf6 15. Bf4 1/2-1/2

[Event "The Elitserien 2024/25: round 1 - 3"]
[Site "Scandic Infra City, Kanalvagen 10, Upplands Vasby, Sweden"]
[Date "2024.10.06"]
[Round "3.32"]
[White "Wiedenkeller, Michael"]
[Black "Rajcevski, Dejan"]
[Result "1-0"]
[TimeControl "90 minutes for 40 moves + 30 minutes for the rest of the game + 30 seconds per move from move one."]
[WhiteTitle "IM"]
[WhiteFideId "1700146"]
[BlackFideId "1759027"]
[WhiteElo "2406"]
[BlackElo "2131"]

1. d4 d5 2. c4 e6 3. Nf3 Be7 4. Nc3 Nf6 5. g3 O-O 6. Bg2 c6 7. O-O Nbd7 8. Qd3 b6 9. e4 Ba6 10.
b3 Rc8 11. e5 Ne8 12. a4 dxc4 13. bxc4 Nc5 14. Qc2 Bxc4 15. dxc5 Bxf1 16. Bxf1 Bxc5 17. Ng5 g6 18. Nge4 Be7 19.
Bh6 Ng7 20. Ba6 Rc7 21. Rd1 Qb8 22. Nf6+ Kh8 23. Nd7 Rxd7 24. Rxd7 Re8 25. Bxg7+ Kxg7 26. Qe4 Kf8 27. Qf4 Rd8 28.
Rb7 Qa8 29. Qh6+ 1-0

[Event "The Elitserien 2024/25: round 1 - 3"]
[Site "Scandic Infra City, Kanalvagen 10, Upplands Vasby, Sweden"]
[Date "2024.10.06"]
[Round "3.33"]
[White "Sumets, Andrey"]
[Black "Cicak, Slavko"]
[Result "1/2-1/2"]
[TimeControl "90 minutes for 40 moves + 30 minutes for the rest of the game + 30 seconds per move from move one."]
[WhiteTitle "GM"]
[BlackTitle "GM"]
[WhiteFideId "14105500"]
[BlackFideId "1700588"]
[WhiteElo "2517"]
[BlackElo "2499"]

1. d4 Nf6 2. c4 g6 3. Nc3 Bg7 4. e4 O-O 5. Nf3 d6 6. Be2 Nc6 7. O-O Re8 8. d5 Nb4 9. a3 Na6 10.
Nd4 Nc5 11. f3 a5 12. Bg5 a4 13. Rb1 Bd7 14. Kh1 c6 15. Re1 Qa5 16. Bf1 e5 17. dxe6 Nxe6 18. Nxe6 Bxe6 19. Bf4 Red8 20.
Bd2 Qa7 21. Be3 Qa5 22. Bd2 Qa7 23. Be3 Qa5 24. Kg1 1/2-1/2

[Event "The Elitserien 2024/25: round 1 - 3"]
[Site "Scandic Infra City, Kanalvagen 10, Upplands Vasby, Sweden"]
[Date "2024.10.06"]
[Round "3.34"]
[White "Von Bahr, Oskar"]
[Black "Solodovnichenko, Yuri"]
[Result "1/2-1/2"]
[TimeControl "90 minutes for 40 moves + 30 minutes for the rest of the game + 30 seconds per move from move one."]
[WhiteTitle "IM"]
[BlackTitle "GM"]
[WhiteFideId "1703250"]
[BlackFideId "14104369"]
[WhiteElo "2370"]
[BlackElo "2490"]

1. Nf3 d5 2. g3 Nf6 3. Bg2 c6 4. O-O Bg4 5. h3 Bh5 6. d4 e6 7. c4 Be7 8. Qb3 Qb6 9. Nc3 Nbd7 10.
cxd5 exd5 11. Nh4 O-O 12. g4 Bg6 13. Nxg6 hxg6 14. Qxb6 axb6 15. g5 Nh7 16. e4 dxe4 17. Nxe4 f5 18.
gxf6 Ndxf6 19. Rd1 Nxe4 20. Bxe4 Bh4 21. Be3 Nf6 22. Bg2 Rfd8 23. a3 Nd5 24. Rd3 Rd6 25. Rc1 Rf8 26. Rb3 Bd8 27.
Rc4 Nf4 28. Ra4 Nxg2 29. Kxg2 Rd5 30. Ra8 Bc7 31. Ra7 Rb8 32. a4 Kf7 33. Rc3 Ke6 34. Rxc6+ bxc6 35. Rxc7 c5 36. dxc5 bxc5 37.
Bxc5 Rxb2 38. Be3 Rd7 39. Rc6+ Rd6 40. Rc7 Rd7 41. Rc6+ Rd6 42. Rc7 Rd7 1/2-1/2

[Event "The Elitserien 2024/25: round 1 - 3"]
[Site "Scandic Infra City, Kanalvagen 10, Upplands Vasby, Sweden"]
[Date "2024.10.06"]
[Round "3.35"]
[White "Hillarp, Tiger"]
[Black "Eriksson, Johan"]
[Result "1-0"]
[TimeControl "90 minutes for 40 moves + 30 minutes for the rest of the game + 30 seconds per move from move one."]
[WhiteTitle "GM"]
[BlackTitle "IM"]
[WhiteFideId "1700812"]
[BlackFideId "1702564"]
[WhiteElo "2457"]
[BlackElo "2389"]

1. d4 Nf6 2. c4 g6 3. Nc3 d5 4. Nf3 Bg7 5. h4 c6 6. cxd5 cxd5 7. Bf4 Nc6 8. e3 O-O 9. Be2 Bg4 10.
Qb3 Qb6 11. Qxb6 axb6 12. Ne5 Bxe2 13. Kxe2 e6 14. Rhc1 Rfc8 15. f3 Nxe5 16. Bxe5 Ne8 17. Kd3 Rc6 18. Nb5 Kf8 19. g4 Ke7 20.
Rc3 Kd7 21. Bxg7 Nxg7 22. e4 Ne8 23. e5 Rxc3+ 24. Nxc3 Nc7 25. Rh1 Kc6 26. a3 Rf8 27. Ke3 f6 28. Rc1 Kd7 29. Ne2 fxe5 30.
dxe5 Ra8 31. Nd4 Ra4 32. b3 Ra5 33. Kd3 Na6 34. h5 Rxa3 35. hxg6 hxg6 36. Rh1 Nb4+ 37. Kc3 Nc6 38. Rh7+ Kc8 39.
Rh8+ Kd7 40. Rh7+ Kc8 41. Nxe6 Nxe5 42. g5 Nxf3 43. Rc7+ Kb8 44. Rf7 Nxg5 45. Rf8+ Ka7 46. Nc7 1-0

[Event "The Elitserien 2024/25: round 1 - 3"]
[Site "Scandic Infra City, Kanalvagen 10, Upplands Vasby, Sweden"]
[Date "2024.10.06"]
[Round "3.36"]
[White "Henriksson, Johan"]
[Black "Arman, Deniz"]
[Result "0-1"]
[TimeControl "90 minutes for 40 moves + 30 minutes for the rest of the game + 30 seconds per move from move one."]
[WhiteTitle "FM"]
[BlackTitle "FM"]
[WhiteFideId "1703560"]
[BlackFideId "6302106"]
[WhiteElo "2321"]
[BlackElo "2348"]

1. d4 Nf6 2. c4 g6 3. g3 Bg7 4. Bg2 d5 5. cxd5 Nxd5 6. Nf3 Nb6 7. a4 a5 8. Nc3 Nc6 9. Nb5 Nb4 10.
Bf4 N6d5 11. Rc1 c6 12. Nc3 Nxf4 13. gxf4 Bf5 14. Bf1 O-O 15. e3 c5 16. dxc5 Qc8 17. Nd4 Bxd4 18. Qxd4 Rd8 19.
Qc4 Bd3 20. Qb3 Bxf1 21. Kxf1 Qh3+ 22. Ke2 Qg4+ 23. Kf1 Qf3 24. Rg1 Rd2 0-1

[Event "The Elitserien 2024/25: round 1 - 3"]
[Site "Scandic Infra City, Kanalvagen 10, Upplands Vasby, Sweden"]
[Date "2024.10.06"]
[Round "3.37"]
[White "Rydstrom, Tom"]
[Black "Aronsson, Marten"]
[Result "1-0"]
[TimeControl "90 minutes for 40 moves + 30 minutes for the rest of the game + 30 seconds per move from move one."]
[WhiteTitle "FM"]
[BlackTitle "FM"]
[WhiteFideId "1714830"]
[BlackFideId "1724223"]
[WhiteElo "2274"]
[BlackElo "2310"]

1. e4 e5 2. Nf3 Nc6 3. Bb5 Nf6 4. d3 Bc5 5. c3 d6 6. O-O Bb6 7. Re1 O-O 8. Nbd2 Ne7 9. Nc4 Ng6 10.
Nxb6 axb6 11. d4 Qe7 12. Bd3 Be6 13. a4 Bd7 14. Bd2 Rfe8 15. h3 Bc6 16. b4 exd4 17. cxd4 Qd7 18. Qb1 Rxa4 19.
Rxa4 Bxa4 20. b5 c6 21. e5 dxe5 22. dxe5 Nd5 23. Bf5 Qe7 24. e6 Bxb5 25. Ng5 f6 26. Nxh7 Ne5 27. Ng5 fxg5 28.
Rxe5 Qd6 29. Re1 Nf4 30. Bxf4 Qxf4 31. e7 g4 32. hxg4 Qd6 33. Be6+ 1-0

[Event "The Elitserien 2024/25: round 1 - 3"]
[Site "Scandic Infra City, Kanalvagen 10, Upplands Vasby, Sweden"]
[Date "2024.10.06"]
[Round "3.38"]
[White "Andersson, Fredrik"]
[Black "Lindborg, Patrik"]
[Result "1-0"]
[TimeControl "90 minutes for 40 moves + 30 minutes for the rest of the game + 30 seconds per move from move one."]
[WhiteTitle "FM"]
[WhiteFideId "1706187"]
[BlackFideId "1707507"]
[WhiteElo "2242"]
[BlackElo "2124"]

1. e4 c5 2. Nf3 e6 3. d4 cxd4 4. Nxd4 Qb6 5. Nb3 Nf6 6. Bd3 d5 7. exd5 Nxd5 8. O-O Nd7 9. Re1 Be7 10.
N1d2 N7f6 11. Nf3 O-O 12. c3 Bd7 13. Nbd4 Rfd8 14. Qe2 Qc7 15. Ne5 Be8 16. h3 Bd6 17. Nb5 Bxb5 18. Bxb5 a6 19.
Ba4 h6 20. Bb3 b5 21. Ng4 Bf4 22. Nxf6+ Nxf6 23. Qf3 Bxc1 24. Raxc1 Rab8 25. Rcd1 a5 26. a3 b4 27. cxb4 axb4 28.
a4 Rxd1 29. Qxd1 Qf4 30. Qd3 Rc8 31. g3 Qg5 32. h4 Qc5 33. Rd1 Ng4 34. Qd4 Qf5 35. Rd2 g6 36. Kg2 e5 37. Qd7 Qe4+ 38.
f3 Ne3+ 39. Kf2 1-0

[Event "The Elitserien 2024/25: round 1 - 3"]
[Site "Scandic Infra City, Kanalvagen 10, Upplands Vasby, Sweden"]
[Date "2024.10.06"]
[Round "3.39"]
[White "Lindberg, Bengt"]
[Black "Larsson, Anders"]
[Result "1-0"]
[TimeControl "90 minutes for 40 moves + 30 minutes for the rest of the game + 30 seconds per move from move one."]
[WhiteTitle "IM"]
[BlackTitle "FM"]
[WhiteFideId "1700359"]
[BlackFideId "1712128"]
[WhiteElo "2337"]
[BlackElo "2211"]

1. e4 c5 2. Nf3 d6 3. d4 cxd4 4. Nxd4 Nf6 5. Nc3 g6 6. Be3 Nc6 7. f3 h5 8. Nxc6 bxc6 9. Bc4 Qa5 10.
Qd2 Bg7 11. h3 h4 12. O-O Nh5 13. Rf2 Be6 14. Bxe6 fxe6 15. Qd3 Qb4 16. Nd1 e5 17. c3 Qb5 18. c4 Qa6 19. Rd2 O-O 20.
Nf2 Kh7 21. c5 Qxd3 22. Rxd3 Nf4 23. Bxf4 exf4 24. cxd6 exd6 25. Rxd6 c5 26. Rc1 Rfd8 27. Rxd8 Rxd8 28. Rc2 Bd4 29.
Kf1 Rb8 30. b3 a5 31. Rc4 Rd8 32. Nd3 Be3 33. Ke2 Kg7 34. Ra4 Ra8 35. Ne5 Bd4 36. Nc4 Bc3 37. Kd3 Bb4 38. Nb6 Rd8+ 39.
Nd5 g5 40. a3 Be1 41. Ke2 1-0

[Event "The Elitserien 2024/25: round 1 - 3"]
[Site "Scandic Infra City, Kanalvagen 10, Upplands Vasby, Sweden"]
[Date "2024.10.06"]
[Round "3.40"]
[White "Jonsson, Mikael"]
[Black "Sevastianov, Andrii"]
[Result "1-0"]
[TimeControl "90 minutes for 40 moves + 30 minutes for the rest of the game + 30 seconds per move from move one."]
[WhiteFideId "1702041"]
[BlackFideId "1730240"]
[WhiteElo "2176"]
[BlackElo "2160"]

1. e4 e5 2. Nf3 Nc6 3. Bb5 a6 4. Ba4 Bc5 5. O-O Nge7 6. Nxe5 Nxe5 7. d4 b5 8. Bb3 Bxd4 9. Qxd4 d6 10.
a4 c5 11. Qe3 c4 12. Ba2 O-O 13. Nc3 Rb8 14. axb5 axb5 15. Rd1 f5 16. Qd4 fxe4 17. Bg5 Nf7 18. Bh4 Qe8 19. Bxe7 Qxe7 20.
b3 e3 21. bxc4 exf2+ 22. Qxf2 b4 23. Nd5 Qg5 24. c5 Bg4 25. Rf1 b3 26. Bxb3 Be6 27. h4 Qd8 28. Ra7 Rxb3 29. Ne7+ Kh8 30.
cxb3 dxc5 31. Qxc5 Bxb3 32. Nc6 Qc8 33. Rc7 Qe8 34. Ne5 Kg8 35. Nd7 Bc4 36. Qxc4 Qe3+ 37. Kh1 1-0